 Dungeon Crawl Stone Soup version 0.23.2-1-ga50397a (webtiles) character file.

Game seed: 1242380938608679220

52 RoseComp the Cutter (level 4, -7/26 HPs)
             Began as a Kobold Gladiator on May 12, 2019.
             Engulfed by a cloud of flame (22 damage)
             ... on level 2 of the Dungeon.
             The game lasted 00:04:49 (1530 turns).

RoseComp the Cutter (Kobold Gladiator)              Turns: 1530, Time: 00:04:50

Health: -7/26      AC:  6    Str: 12    XL:     4   Next: 8%
Magic:  4/4        EV: 15    Int:  9    God:
Gold:   93         SH:  0    Dex: 16    Spells: 3/3 levels left

rFire    . . .     SeeInvis .   a - +0 rapier
rCold    . . .     Gourm    .   (shield restricted)
rNeg     . . .     Faith    .   e - +0 ring mail
rPois    .         Spirit   .   c - +0 helmet
rElec    .         Reflect  .   (no cloak)
rCorr    .         Harm     .   (no gloves)
MR       .....                  (no boots)
Stlth    +.........             (no amulet)
HPRegen  0.08/turn              (no ring)
MPRegen  0.09/turn              (no ring)

@: no status effects
A: small, carnivore
a: no special abilities


You were on level 2 of the Dungeon.
You were very full.

You visited 1 branch of the dungeon, and saw 2 of its levels.

You collected 93 gold pieces.

Inventory:

Hand Weapons
 a - a +0 rapier (weapon)
Missiles
 d - 3 throwing nets (quivered)
Armour
 c - a +0 helmet (worn)
 e - a +0 ring mail (worn)
Scrolls
 i - 2 scrolls of remove curse
 l - a scroll of enchant armour {unknown}
Potions
 g - a potion of heal wounds {unknown}
 h - 2 potions of invisibility
Comestibles
 b - 4 chunks of flesh
 f - 3 rations


   Skills:
 - Level 2.1 Fighting
 * Level 5.0 Short Blades
 + Level 2.7 Throwing
 + Level 4.1 Dodging
 + Level 2.0 Stealth


You had 3 spell levels left.
You didn't know any spells.
Your spell library contained the following spells:

 Spells                   Type           Power        Failure   Level  Hunger
 Beastly Appendage        Tmut           #.....       67%         1    ##.....
 Sticks to Snakes         Tmut           #.......     80%         2    ###....
 Spider Form              Tmut/Pois      #.........   95%         3    ####...
 Ice Form                 Ice/Tmut       #.......     100%        4    #####..
 Blade Hands              Tmut           #.........   100%        5    ######.


Dungeon Overview and Level Annotations

Branches:
Dungeon (2/15)

Altars:
Ashenzari


Innate Abilities, Weirdness & Mutations

You are small and have problems with some larger weapons.
You are carnivorous and can eat meat at any time.


Message History

It is a scroll of identify.
h - 2 potions of invisibility You now have 93 gold pieces (gained 3).
Some of the chunks of flesh in your inventory have rotted away.
A bat comes into view.
As you read the scroll labeled BUOM OFFYI, it crumbles to dust.
The creatures around you are filled with an inner flame!
It was a scroll of immolation.
The bat hits you but does no damage. The bat barely misses you.
The bat closely misses you. The bat barely misses you.
You see here a scroll labeled PAODGH PEMOSY.
You hit the bat but do no damage. The bat hits you but does no damage.
You should not fight recklessly!
You puncture the bat!
The bat explodes!
The fiery explosion engulfs you!
You are engulfed in blazing flames.
Ouch! That really hurt!
You die...

..#.......# #.#....
..#.......# ..........#
..........###.....#...#
......................#
..##......####....#...#
......................#
..#...)...####.§§.....
..#.###.### #..§.#
###.###.######.§@§#
#>........#.......#
#...........#####.#
#.........### ...
#.........# .....
#.........# .....#
#......#### .....#
######## .....#


There were no monsters in sight!

Vanquished Creatures
  An adder (D:2)
  A worm (D:2)
  2 giant cockroaches
  3 goblins
  8 hobgoblins
  3 jackals
  A quokka (D:2)
  5 bats
  A frilled lizard (D:1)
  6 kobolds
  5 rats
36 creatures vanquished.

Notes
Turn   | Place    | Note
-------+----------+-------------------------------------------
     0 | D:1      | RoseComp the Kobold Gladiator began the quest for the Orb.
     0 | D:1      | Reached XP level 1. HP: 12/12 MP: 1/1
   131 | D:1      | Reached XP level 2. HP: 11/17 MP: 2/2
   282 | D:1      | Reached skill level 1 in Stealth
   810 | D:1      | Reached XP level 3. HP: 21/21 MP: 3/3
  1250 | D:2      | Found a shattered altar of Ashenzari.
  1445 | D:2      | Reached skill level 5 in Short Blades
  1445 | D:2      | Reached XP level 4. HP: 21/26 MP: 4/4
  1530 | D:2      | Engulfed by a cloud of flame

Skill      XL: |  1  2  3 |
---------------+----------+-----
Stealth        | 1 2 |  2.0
Dodging        | 4 |  4.1
Short Blades   | 5 |  5.0
Fighting       | |  2.1
Throwing       | |  2.7

Action                   |  1- 3 |  4- 6 || total
-------------------------+-------+-------++-------
Melee: Rapier            |   137 |     4 ||   141
  Use: Scroll            |     1 |     2 ||     3
 Stab: Sleeping          |     2 |       ||     2
  Eat: Chunk             |    10 |       ||    10
Armor: Leather armour    |     3 |       ||     3
       Ring mail         |    27 |     2 ||    29
Dodge: Dodged            |    95 |     3 ||    98
